 Dungeon Crawl Stone Soup version 0.27-a0-1181-g5f64966fcc (webtiles) character file.

Game seed: 10472792105809502846

4261 Sobieck the Cleaver (level 10, -8/79 HPs)
             Began as a Demonspawn Fighter on May 17, 2021.
             Was an Elder of Ru.
             Mangled by a two-headed ogre
             ... wielding a +0 giant club
              (11 damage)
             ... on level 7 of the Dungeon.
             The game lasted 00:19:04 (9795 turns).

Sobieck the Cleaver (Demonspawn Fighter)            Turns: 9795, Time: 00:19:05

Health: -8/79      AC: 11    Str: 20    XL:     10   Next: 10%
Magic:  0/19       EV:  8    Int:  9    God:    Ru [****..]
Gold:   403        SH: 11    Dex: 13    Spells: 8/9 levels left

rFire    . . .     SeeInvis .   a - +1 war axe (drain) {axe}
rCold    . . .     Faith    .   c - +1 kite shield
rNeg     . . .     Spirit   +   b - +0 scale mail
rPois    .         Reflect  .   y - +0 helmet
rElec    .         Harm     .   (no cloak)
rCorr    +         Rampage  .   (no gloves)
Will     .....                  F - +0 pair of boots
Stlth    ..........             k - amulet of the acrobat
HPRegen  0.23/turn              e - ring of magical power
MPRegen  0.32/turn              f - ring of resist corrosion

@: no status effects
A: magic shield, magic regeneration, inability to use devices, hated by all,
disrupted magic 1, sharp scales 1, demonic magic 2
a: Renounce Religion, Draw Out Power, Power Leap


You were on level 7 of the Dungeon.
You worshipped Ru.
Ru was greatly pleased with you.
You visited 1 branch of the dungeon, and saw 8 of its levels.

You collected 403 gold pieces.


Innate Abilities, Weirdness & Mutations

When hurt, damage is shared between your health and your magic reserves.
You regenerate magic rapidly.
You cannot study or use magical devices.
You are hated by all.
Your casting is slightly disrupted.
You are partially covered in razor-sharp scales. (AC +1, Slay +1)
Spells you cast may paralyse nearby enemies.


   Skills:
 + Level 7.2 Fighting
 * Level 8.7 Axes
 + Level 6.6 Armour
 + Level 6.6 Shields
 + Level 0.8 Necromancy


You had 8 spell levels left.
You knew the following spells:

 Your Spells              Type           Power      Damage    Failure   Level
a - Pain                  Necr           4%         1d4       96%         1

Your spell library contained the following spells:

 Spells                   Type           Power      Damage    Failure   Level
 Magic Dart               Conj           0%         1d3       98%         1
 Blink                    Tloc           N/A        N/A       99%         2
 Poisonous Vapours        Pois/Air       0%         N/A       99%         2
 Slow                     Hex            0%         N/A       99%         2
 Conjure Flame            Conj/Fire      0%         6-21      100%        3
 Mephitic Cloud           Conj/Pois/Air  0%         N/A       100%        3
 Vampiric Draining        Necr           0%         2d6       100%        3
 Agony                    Necr           1%         N/A       100%        5
 Freezing Cloud           Conj/Ice/Air   0%         6-21      100%        6
 Animate Skeleton         Necr           Unusable   N/A       N/A         1
 Call Imp                 Summ           Unusable   N/A       N/A         2
 Animate Dead             Necr           Unusable   N/A       N/A         4

Inventory:

Hand Weapons
 a - a +1 war axe of draining (weapon) {axe}
 E - a +4 vorpal flail {mace}
   (You found it on level 7 of the Dungeon)
Missiles
 i - 272 stones {throwing}
 j - 214 arrows
 q - 35 bolts
 r - 33 poisoned darts (quivered) {throwing}
 u - 58 sling bullets
 G - 2 javelins {throwing}
 J - a curare-tipped dart {=fthrowing}
Armour
 b - a +0 scale mail (worn)
 c - a +1 kite shield (worn)
 l - a +2 robe of positive energy
   (You found it on level 1 of the Dungeon)
 y - a +0 helmet (worn)
   (You found it on level 5 of the Dungeon)
 F - a +0 pair of boots (worn)
   (You found it on level 7 of the Dungeon)
Magical Staves
 A - a staff of fire {!astaff}
   (You found it on level 6 of the Dungeon)
Jewellery
 e - a ring of magical power (left hand)
   (You found it on level 1 of the Dungeon)
 f - a ring of resist corrosion (right hand)
   (You found it on level 3 of the Dungeon)
 k - an amulet of the acrobat (around neck)
   (You found it on level 5 of the Dungeon)
 n - a ring of flight
   (You found it on level 5 of the Dungeon)
 z - a ring of wizardry
   (You found it on level 7 of the Dungeon)
Wands
 g - a wand of paralysis (9)
   (You found it on level 3 of the Dungeon)
 h - a wand of polymorph (3)
   (You took it off Grinder on level 5 of the Dungeon)
 s - a wand of mindburst (9)
   (You found it on level 3 of the Dungeon)
 B - a wand of flame (29)
   (You found it on level 6 of the Dungeon)
 K - a wand of digging (7)
   (You found it on level 7 of the Dungeon)
Scrolls
 o - a scroll of magic mapping {!r}
 p - 3 scrolls of immolation {!r!r}
 H - a scroll of identify {@r1}
Potions
 d - a potion of brilliance
 m - a potion of flight
 t - 4 potions of curing {@q1}
 v - a potion of degeneration {!q@e2}
 w - 2 potions of mutation {!q}
 x - a potion of lignification {!q}
 C - 2 potions of invisibility
 D - a potion of attraction {!q}
 I - a potion of magic {unknown}

Dungeon Overview and Level Annotations

Branches:
Dungeon (8/15)             Temple (0/1) D:5
   Lair: D:8-11

Altars:
Elyvilon
Kikubaaqudgha
Makhleb
Nemelex Xobeh
Okawaru
Ru
Uskayaw
Zin
The Shining One

Annotations:
D:2 1 runed translucent door, Crazy Yiuf
D:3 exclusion: downstairs
D:4 exclusion: downstairs
D:5 exclusion: downstairs
D:7 exclusion: downstairs

#.# #.# #.. ### ####
###############...
#.............'...
###†####....#####...
#.†@...+............
#...O..#....#####...
#....<........#####'
###########................[
#.........#....###....#####.
##.#######.#..........## #.
#......# #.#....###.#.# #.
######.# #.#........#.# #.
#.# #.#....#####.### #.


You could see a two-headed ogre (slow, drained).


Message History

The howler monkey hoots and howls with incredible vigour! 😕 MP[+1]
Your mp is fully restored (19).
You hit the howler monkey. You drain the howler monkey.
You kill the howler monkey!
j - 214 arrows (gained 22)
Things that are here:
a +0 shortbow {bow}; a centaur corpse 😕 HP[+1]
There is a stone staircase leading down, spattered with blood here.
You climb downwards.
You block the killer bee's attack. x2
The killer bee closely misses you.
The howler monkey hits you but does no damage.
There is a stone staircase leading up here.
You block the killer bee's attack. The killer bee stings you.
The howler monkey hits you but does no damage.
You climb upwards.
Level annotation: exclusion: downstairs
There is a stone staircase leading down, spattered with blood here.
You slash the howler monkey! You hit the killer bee.
You block the killer bee's attack. x2
The howler monkey hoots and howls with incredible vigour!
The killer bee closely misses you.
You slash the howler monkey!
You kill the howler monkey!
You miss the killer bee.
The killer bee is stunned by your conviction and fails to attack.
You block the killer bee's attack. 😕 HP[+1]
You block the killer bee's attack.
Things that are here:
a howler monkey corpse; a killer bee corpse The killer bee misses you.
You redirect the killer bee's attack!
The killer bee stings itself but does no damage.
You strike the helpless killer bee from behind!
You hit the killer bee. You drain the killer bee.
You block the killer bee's attack.
The killer bee stings you but does no damage.
You block the killer bee's attack.
You slash the killer bee!
You kill the killer bee! 😕 HP[+1]
There is a stone staircase leading down, spattered with blood here.
You see here a killer bee corpse.
You climb downwards.
There is a stone staircase leading up here.
A two-headed ogre comes into view. It is wielding two +0 giant clubs.
The two-headed ogre shouts in stereo!
You hear a shout! x2 😎 HP[+1]
Your hp is fully restored (79).
A kobold brigand comes into view. It is wielding a +0 short sword.
There is a stone staircase leading up here.
The two-headed ogre hits you with a +0 giant club!
The two-headed ogre hits you but does no damage.
You climb upwards.
Level annotation: exclusion: downstairs
There is a stone staircase leading down, spattered with blood here.
You see here a killer bee corpse. 😕 HP[-7] MP[-1]
You take 7 damage, and now have 72/79 hp.
You lost 1 mp, and now have 18/19 mp.
You hit the two-headed ogre but do no damage.
You block the two-headed ogre's attack.
The two-headed ogre hits you with a +0 giant club! 😕 HP[-5] MP[-1]
You take 5 damage, and now have 67/79 hp.
You lost 1 mp, and now have 17/19 mp.
You barely miss the two-headed ogre. You block the two-headed ogre's attack.
The two-headed ogre hits you with a +0 giant club! 😮 HP[-8] MP[-2]
You take 8 damage, and now have 59/79 hp.
You lost 2 mp, and now have 15/19 mp.
You slash the two-headed ogre! You drain the two-headed ogre!
The two-headed ogre hits you with a +0 giant club! x2
* * * LOW HITPOINT WARNING * * *
😨 HP[-24] MP[-6]
You take 24 damage, and now have 35/79 hp.
MASSIVE DAMAGE!! (PAUSE)
You lost 6 mp, and now have 9/19 mp.
You slash the two-headed ogre!
The two-headed ogre hits you with a +0 giant club!!
* * * LOW HITPOINT WARNING * * *
You block the two-headed ogre's attack. 😨 HP[-14] MP[-4]
You take 14 damage, and now have 21/79 hp.
You lost 4 mp, and now have 5/19 mp.
You hit the two-headed ogre. You drain the two-headed ogre.
The two-headed ogre hits you with a +0 giant club!
* * * LOW HITPOINT WARNING * * *
You focus your inner power and slow the two-headed ogre in retribution!
The two-headed ogre hits you with a +0 giant club.
* * * LOW HITPOINT WARNING * * *
😱 HP[-18] MP[-4]
You take 18 damage, and now have 3/79 hp.
MASSIVE DAMAGE!! (PAUSE)
You lost 4 mp, and now have 1/19 mp.
You hit the two-headed ogre.
The two-headed ogre hits you with a +0 giant club!
You die...

Skill      XL: |  1  2  3  4  5  6  7  8  9 |
---------------+----------------------------+-----
Axes           | 2 3 4 5 7 8 |  8.7
Shields        | 3 4 5 6 |  6.6
Armour         | 3 4 5 6 |  6.6
Fighting       | 4 5 6 7 |  7.2
Necromancy     | |  0.8

Action                   |  1- 3 |  4- 6 |  7- 9 | 10-12 || total
-------------------------+-------+-------+-------+-------++-------
Melee: War axe           |   165 |   173 |   222 |    48 ||   608
       Unarmed           |       |       |     5 |       ||     5
Throw: Stone             |       |     1 |       |       ||     1
       Dart              |       |     1 |     5 |       ||     6
Invok: Sacrifice Love    |     1 |       |       |       ||     1
       Sacrifice Essence |       |       |     1 |       ||     1
       Sacrifice Artific |       |       |       |     1 ||     1
Evoke: Wand              |       |     3 |       |       ||     3
  Use: Potion            |     1 |     1 |     1 |       ||     3
       Scroll            |       |    11 |     7 |       ||    18
 Stab: Paralysed         |       |     7 |       |       ||     7
       Invisible         |       |       |     3 |       ||     3
       Distracted        |       |       |     1 |     1 ||     2
Armor: Scale mail        |   101 |   118 |    79 |    26 ||   324
Dodge: Dodged            |    69 |    90 |    71 |    19 ||   249
Block: Kite shield       |    87 |   112 |   113 |    36 ||   348

Levels and vault maps discovered:
D:1:      minmay_arrival_four_loops, layout_loops_ring
D:2:      layout_rooms, basic_ecumenical_altar, minmay_misc_feat_nine_boxes,
          uniq_crazy_yiuf_cottage
D:3:      layout_loops_ring, nicolae_uskayaw_en_pointe, serial_shops, shop,
          minmay_starry_boxes, uniq_ijyb
D:4:      layout_basic, kennysheep_vampire_church,
          nemelex_xobeh_ov_fountains_minmay
D:5:      layout_basic, minmay_temple_entry_grid, uniq_menkaure, uniq_grinder
D:6:      layout_gridville, good_gods_mini_temple, okawaru_metal_pillars_3,
          minmay_checkerbox, uniq_sigmund
D:7:      layout_basic, bloody_makhleb, st_stairs_5
D:8:      layout_rooms, marbit_many_paths

Notes
Turn   | Place    | Note
-------+----------+-------------------------------------------
     0 | D:1      | Sobieck the Demonspawn Fighter began the quest for the Orb.
     0 | D:1      | Reached XP level 1. HP: 18/18 MP: 1/1
     0 | D:1      | magus.rc [v1.9.6]
   207 | D:2      | HP: 2/18 [worm (7)]
   209 | D:2      | Reached skill level 2 in Axes
   475 | D:2      | Gained mutation: You regenerate magic rapidly. [demonic
                  | ancestry]
   475 | D:2      | Reached XP level 2. HP: 21/24 MP: 2/2
   935 | D:1      | Reached skill level 3 in Shields
   947 | D:1      | Reached XP level 3. HP: 22/29 MP: 3/3
  1202 | D:2      | Reached skill level 3 in Armour
  1889 | D:2      | HP: 5/29 [quokka (4)]
  2593 | D:2      | Found a faded altar of an unknown god.
  2607 | D:2      | Became a worshipper of Ru the Awakened
  2609 | D:2      | Gained mutation: You are hated by all. [Ru sacrifice]
  2609 | D:2      | Reached * piety under Ru
  2609 | D:2      | Reached ** piety under Ru
  2732 | D:2      | Found a runed translucent door.
  2733 | D:2      | Noticed Crazy Yiuf
  3000 | D:3      | Noticed Ijyb
  3085 | D:3      | HP: 7/29 [Ijyb/+0 dagger (1)]
  3091 | D:3      | HP: 5/29 [Ijyb/+0 dagger (1)]
  3093 | D:3      | HP: 1/29 [Ijyb/+0 dagger (4)]
  3095 | D:3      | Killed Ijyb
  3096 | D:3      | Reached XP level 4. HP: 2/35 MP: 4/4
  3426 | D:3      | Noticed a +0 dagger
  3429 | D:3      | Noticed a +0 dagger
  3429 | D:3      | Noticed a +0 short sword
  3430 | D:3      | Noticed a +0 spear
  3430 | D:3      | Noticed a +0 short sword
  3430 | D:3      | Noticed a +0 falchion
  3431 | D:3      | Noticed a +0 falchion
  3434 | D:3      | Noticed a +0 spear
  3485 | D:3      | Found a hide-covered altar of Uskayaw.
  3602 | D:3      | Found Wuduushro's Assorted Antiques.
  3676 | D:4      | Found a sparkling altar of Nemelex Xobeh.
  3706 | D:3      | Reached skill level 3 in Axes
  3755 | D:3      | You pick up a book of Necromancy and begin reading...
  3755 | D:3      | You add the spells Pain, Vampiric Draining and Agony to
                  | your library.
  3773 | D:3      | HP: 7/35 [adder (4)]
  4334 | D:4      | Noticed an ogre
  4807 | D:4      | Gained mutation: Spells you cast may paralyse adjacent
                  | enemies. [demonic ancestry]
  4807 | D:4      | Reached XP level 5. HP: 41/41 MP: 5/5
  4839 | D:5      | Entered Level 5 of the Dungeon
  4839 | D:5      | Noticed Menkaure
  4839 | D:5      | Noticed a necrophage
  4864 | D:4      | HP: 7/42 [ogre/+0 giant club (17)]
  4872 | D:4      | Killed an ogre
  5204 | D:4      | Reached skill level 4 in Fighting
  5411 | D:4      | Gained mutation: When hurt, damage is shared between your
                  | health and your magic reserves. [demonic ancestry]
  5411 | D:4      | Reached XP level 6. HP: 41/48 MP: 6/6
  5469 | D:4      | Reached skill level 4 in Axes
  5484 | D:4      | Found an ancient bone altar of Kikubaaqudgha.
  5883 | D:5      | Reached skill level 4 in Shields
  6097 | D:5      | Reached skill level 4 in Armour
  6097 | D:5      | Gained mutation: You are partially covered in razor-sharp
                  | scales. (AC +1, Slay +1) [demonic ancestry]
  6097 | D:5      | Reached XP level 7. HP: 44/55 MP: 7/7
  6376 | D:5      | Gained mutation: Your casting is slightly disrupted. [Ru
                  | sacrifice]
  6401 | D:5      | Noticed Grinder
  6417 | D:5      | Killed Grinder
  6418 | D:5      | Reached skill level 5 in Axes
  6505 | D:5      | Found a staircase to the Ecumenical Temple.
  6529 | D:5      | Reached skill level 5 in Fighting
  6580 | D:5      | Killed Menkaure
  6581 | D:5      | Reached XP level 8. HP: 44/62 MP: 8/8
  6714 | D:5      | You pick up a book of Necromancy and begin reading...
  6853 | D:6      | Noticed a two-headed ogre
  6857 | D:6      | Reached skill level 6 in Axes
  6876 | D:5      | Reached skill level 5 in Shields
  6918 | D:5      | Killed a two-headed ogre
  6919 | D:5      | Reached skill level 6 in Fighting
  6919 | D:5      | Reached skill level 7 in Axes
  6919 | D:5      | Reached skill level 5 in Armour
  6919 | D:5      | Reached XP level 9. HP: 34/69 MP: 8/9
  7125 | D:6      | Noticed Sigmund
  7143 | D:6      | Killed Sigmund
  7325 | D:6      | You pick up a book of Clouds and begin reading...
  7325 | D:6      | You add the spells Poisonous Vapours, Mephitic Cloud,
                  | Conjure Flame and Freezing Cloud to your library.
  7418 | D:6      | Found an iron altar of Okawaru.
  8439 | D:7      | Reached skill level 6 in Armour
  8439 | D:7      | Reached skill level 6 in Shields
  8824 | D:7      | Reached skill level 8 in Axes
  9034 | D:7      | Reached skill level 7 in Fighting
  9386 | D:7      | Gained mutation: Spells you cast may paralyse nearby
                  | enemies. [demonic ancestry]
  9386 | D:7      | Reached XP level 10. HP: 63/79 MP: 10/10
  9401 | D:7      | You pick up a book of Minor Magic and begin reading...
  9401 | D:7      | You add the spells Magic Dart, Blink and Slow to your
                  | library.
  9404 | D:7      | Learned a level 1 spell: Pain
  9478 | D:7      | Gained mutation: You cannot study or use magical devices.
                  | [Ru sacrifice]
  9478 | D:7      | Reached *** piety under Ru
  9478 | D:7      | Reached **** piety under Ru
  9482 | D:7      | Found a burning altar of Makhleb.
  9777 | D:8      | Noticed a two-headed ogre
  9794 | D:7      | HP: 8/79 [two-headed ogre/+0 giant club (13)]
  9794 | D:7      | HP: 3/79 [two-headed ogre/+0 giant club (5)]
  9795 | D:7      | Mangled by a two-headed ogre

Vanquished Creatures
  A two-headed ogre (D:5)
  Grinder (D:5)
  Sigmund (D:6)
  5 yaks (D:7)
  Menkaure (D:5)
  2 black bears
  A sky beast (D:7)
  2 necrophages
  2 ogres
  2 centaurs (D:7)
  3 bullfrogs
  A kobold brigand (D:7)
  3 scorpions
  4 killer bees (D:7)
  4 wights (D:7)
  2 vampire bats (D:4)
  2 howler monkeys (D:7)
  2 bullfrog zombies (D:6)
  4 bullfrog skeletons
  A hound (D:5)
  2 jellies
  A centaur skeleton (D:7)
  Ijyb (D:3)
  An iguana (D:4)
  3 orc wizards
  A hound zombie (D:5)
  A howler monkey skeleton (D:6)
  5 adders
  2 white imps
  2 ufetubi
  2 adder skeletons
  2 worms (D:2)
  2 dart slugs
  9 orcs
  4 bats
  3 bat skeletons (D:4)
  3 bat zombies (D:4)
  5 endoplasms
  A giant cockroach (D:3)
  4 goblins
  9 hobgoblins
  11 jackals
  4 kobolds
  5 quokkas
  4 ball pythons
  5 frilled lizards
  7 rats
143 creatures vanquished.

Vanquished Creatures (others)
  A scorpion (D:5)
  A wyvern zombie (D:7)
  A vampire bat (D:4)
3 creatures vanquished.

Grand Total: 146 creatures vanquished

Table legend:
 A = Non-vault XP
 B = Vault XP
 C = Vault XP percentage of total XP
 D = Non-vault monster count
 E = Vault monster count
 F = Vault count percentage of total count
                 A         B        C        D         E       F
            +---------+---------+-------+---------+---------+-------
      Total |    4863 |    1225 |  20.1 |     124 |      22 |  15.1
            +---------+---------+-------+---------+---------+-------
        D:1 |      31 |       0 |   0.0 |      18 |       0 |   0.0
        D:2 |      42 |       0 |   0.0 |      18 |       0 |   0.0
        D:3 |      47 |      54 |  53.5 |      15 |       5 |  25.0
        D:4 |     250 |     176 |  41.3 |      18 |       9 |  33.3
        D:5 |    1400 |     551 |  28.2 |      13 |       3 |  18.8
        D:6 |     460 |     407 |  46.9 |       9 |       4 |  30.8
        D:7 |    2633 |      37 |   1.4 |      33 |       1 |   2.9
            +---------+---------+-------+---------+---------+-------

Illustrated notes

Table legend:
 A = Kills in this place as a percentage of kills in entire the game.
 B = Kills by you in this place as a percentage of kills by you in the entire game.
 C = Kills by friends in this place as a percentage of kills by friends in the entire game.
 D = Other kills in this place as a percentage of other kills in the entire game.
 E = Experience gained in this place as a percentage of experience gained in the entire game.
 F = Experience gained in this place divided by the number of levels of this place that you have seen.
                   A       B       C       D       E      F
               +-------+-------+-------+-------+-------+----------------------
         Total | 100.0 | 100.0 |   N/A | 100.0 | 100.0 | 761.0
       Dungeon | 100.0 | 100.0 |   N/A | 100.0 | 100.0 | 761.0
               +-------+-------+-------+-------+-------+----------------------

Table legend: (Time is in decaauts)
 A = Elapsed time spent in this place.
 B = Non-inter-level travel time spent in this place.
 C = Inter-level travel time spent in this place.
 D = Time resting spent in this place.
 E = Time spent auto-exploring this place.
 F = Levels seen in this place.
 G = Mean time per level.
                   A        B        C        D        E       F      G
               +--------+--------+--------+--------+--------+-----+--------+
         Total |  10100 |   9689 |    411 |   2583 |   5357 |   8 | 1262.5 |
       Dungeon |  10100 |   9689 |    411 |   2583 |   5357 |   8 | 1262.5 |
               +--------+--------+--------+--------+--------+-----+--------+

Top non-repeatable levels by time:
     D:2: 1960 daAuts
     D:7: 1564 daAuts
     D:4: 1467 daAuts
     D:1: 1396 daAuts
     D:6: 1322 daAuts
     D:3: 1176 daAuts
     D:5: 1166 daAuts
     D:8: 47 daAuts
